Map: [TLMC15] Pride of Altaris

Players

DRG

  • Race: Zerg Zerg
  • League: Master

Classic - Winner!

  • Race: Protoss Protoss
  • League: Master

Event: StayAtHome Story Cup #4

VOD

Have the link to the VOD?

Description

Time

  • Played on: Oct. 22, 2021, 9 a.m.
  • Length: 12:10

All games in this series

Show
View Real Time Build Order
Export as new Build Order

DRG Zerg 

Build Orders: Hatch First 

Get SALT Encoding   

  12  0:00  Drone  
  13  0:12  Overlord  
  13  0:16  Drone  
  14  0:30  Drone x2  
  16  0:48  Hatchery  
  15  0:51  Drone  
  15  0:54  Drone  
  17  0:57  Drone  
  18  1:08  Extractor  
  17  1:13  Spawning Pool  
  17  1:16  Drone  
  17  1:20  Drone  
  18  1:27  Drone  
  19  1:38  Drone  
  20  1:49  Overlord  
  20  2:00  Queen x2  
  20  2:01  Zergling x4  
  26  2:11  Drone x2  
  26  2:13  Metabolic Boost  
  28  2:23  Drone x2  
  30  2:32  Drone  
  30  2:33  Drone  
  32  2:39  Hatchery  
  31  2:45  Queen  
  31  2:49  Overlord  
  32  2:51  Drone  
  32  2:55  Drone  
  32  2:57  Drone  
  35  3:04  Overlord  
  35  3:08  Drone x3  
  35  3:09  Drone  
  39  3:14  Queen  
  39  3:17  Drone  
  42  3:20  Drone  
  42  3:24  Queen  
  45  3:28  Drone  
  45  3:31  Drone  
  47  3:35  Overlord  
  47  3:40  Drone  
  48  3:43  Drone x2  
  48  3:44  Drone  
  48  3:45  Spore Crawler  
  48  3:47  Spore Crawler  
  49  3:48  Overlord  
  49  3:51  Drone  
  49  3:54  Queen  
  52  3:57  Drone  
  52  4:01  Zergling x4  
  52  4:02  Drone  
  56  4:03  Drone  
  56  4:06  Drone  
  56  4:09  Overlord  
  58  4:12  Overlord  
  58  4:14  Zergling x2  
  58  4:15  Drone  
  58  4:16  Drone  
  61  4:18  Drone x2  
  63  4:24  Overlord  
  63  4:26  Drone  
  63  4:30  Spore Crawler  
  63  4:31  Zergling x2  
  63  4:33  Overlord  
  63  4:34  Overlord  
  63  4:36  Drone x3  
  67  4:42  Drone  
  67  4:43  Lair  
  68  4:46  Roach Warren  
  68  4:50  Extractor x2  
  68  4:51  Zergling x4  
  65  4:53  Zergling x4  
  65  4:57  Drone  
  64  5:02  Drone x3  
  64  5:06  Drone  
  66  5:07  Drone  
  66  5:09  Drone  
  66  5:13  Drone x2  
  69  5:17  Drone x2  
  69  5:20  Drone  
  69  5:21  Drone  
  73  5:22  Drone  
  73  5:24  Drone  
  73  5:27  Drone x2  
  77  5:31  Drone, Evolution Chamber  
  77  5:33  Drone x2  
  79  5:37  Drone  
  79  5:38  Drone x2  
  79  5:41  Drone  
  83  5:43  Drone, Extractor  
  83  5:44  Glial Reconstitution  
  83  5:46  Overseer  
  83  5:47  Drone, Extractor  
  83  5:48  Drone, Extractor  
  83  5:49  Drone  
  84  5:51  Pneumatized Carapace  
  84  5:52  Drone  
  84  5:54  Drone  
  84  5:56  Drone  
  84  5:57  Zerg Missile Weapons Level 1  
  87  5:58  Overlord  
  87  6:02  Overlord  
  87  6:08  Roach x4  
  87  6:11  Overseer  
  95  6:14  Overlord  
  95  6:25  Hatchery  
  94  6:26  Roach x4  
  94  6:27  Overlord  
  94  6:30  Zergling x6  
  94  6:32  Ravager x4  
  109  6:36  Zergling x6  
  109  6:38  Zergling x4  
  114  6:40  Overlord  
  118  6:47  Roach x2  
  118  6:49  Roach x2  
  122  6:56  Overlord x3  
  122  6:57  Infestation Pit  
  122  7:00  Zergling x2  
  122  7:01  Zergling x6  
  125  7:07  Drone x5  
  130  7:12  Drone  
  130  7:15  Drone x2  
  133  7:22  Drone  
  133  7:25  Drone  
  133  7:32  Extractor  
  133  7:33  Zergling x20, Extractor  
  136  7:39  Drone, Hive  
  136  7:42  Drone, Hydralisk Den  
  136  7:45  Overlord  
  136  7:48  Roach x2  
  136  7:50  Overlord x2  
  140  7:54  Drone  
  140  7:55  Drone x2  
  140  7:57  Overlord x2  
  143  7:59  Zerg Missile Weapons Level 2  
  143  8:01  Roach x3  
  149  8:13  Hatchery  
  149  8:16  Roach x6  
  149  8:19  Roach  
  162  8:24  Lurker Den  
  162  8:25  Roach x3  
  166  8:35  Ravager  
  163  8:42  Roach x4  
  163  8:45  Overlord  
  169  8:52  Viper x4  
  179  8:56  Roach x8  
  179  8:59  Zergling x8  
  179  9:01  Zergling x4  
  188  9:05  Zergling x8  
  188  9:08  Roach x2  
  188  9:09  Ravager  
  196  9:11  Roach  
  196  9:15  Zergling x2  
  199  9:25  Seismic Spines  
  199  9:26  Zergling x2  
  199  9:28  Extractor x2  
  196  9:40  Zergling x8  
  199  9:46  Overseer  
  199  9:48  Zergling x6  
  199  9:50  Ravager  
  196  9:56  Ravager x4  
  153  10:07  Roach x13  
  153  10:11  Roach  
  153  10:14  Roach x4  
  173  10:17  Roach  
  173  10:18  Roach x2  
  171  10:22  Roach x3, Adaptive Talons  
  154  10:37  Zergling x6  
  133  10:43  Roach x7  
  135  10:52  Roach x2  
  135  10:53  Queen x2  
  135  10:56  Roach x2  
  147  10:58  Ravager  
  147  10:59  Ravager  
  147  11:02  Hydralisk  
  151  11:04  Queen  
  151  11:06  Hydralisk  
  151  11:10  Hatchery, Roach  
  156  11:12  Roach  
  158  11:20  Zergling x4  
  158  11:25  Roach  
  138  11:29  Queen  
  138  11:31  Roach, Lurker  
  138  11:32  Roach x4  
  151  11:33  Lurker  
  151  11:37  Hydralisk x2  
  156  11:42  Roach  
Show
View Real Time Build Order
Export as new Build Order

Classic Protoss - Winner!

Build Orders: 1 Gate Expand, Oracle Opening 

Get SALT Encoding   

  12  0:00  Probe  
  13  0:12  Probe  
  14  0:19  Pylon  
  14  0:24  Probe  
  15  0:37  Probe (Chrono Boost)  
  15  0:40  Gateway  
  16  0:46  Probe (Chrono Boost), Assimilator  
  17  0:51  Probe (Chrono Boost)  
  18  1:03  Probe  
  19  1:15  Probe  
  20  1:23  Nexus  
  20  1:27  Probe  
  21  1:36  Cybernetics Core  
  21  1:39  Probe  
  22  1:44  Assimilator  
  22  1:51  Pylon  
  22  1:54  Probe  
  23  2:09  Probe  
  23  2:10  Adept (Chrono Boost)  
  26  2:16  Stargate  
  26  2:21  Probe (Chrono Boost)  
  27  2:25  Warp Gate  
  27  2:32  Adept  
  27  2:33  Probe (Chrono Boost)  
  31  2:38  Probe (Chrono Boost)  
  31  2:43  Probe (Chrono Boost)  
  33  2:45  Probe (Chrono Boost)  
  33  2:49  Probe (Chrono Boost)  
  33  2:50  Probe (Chrono Boost)  
  34  2:58  Oracle (Chrono Boost)  
  35  3:00  Probe  
  35  3:02  Probe  
  35  3:04  Pylon  
  40  3:12  Probe  
  41  3:14  Probe  
  41  3:17  Gateway  
  42  3:23  Void Ray (Chrono Boost)  
  42  3:24  Probe  
  42  3:26  Probe  
  48  3:36  Probe  
  48  3:38  Probe  
  50  3:46  Nexus  
  50  3:50  Pylon  
  50  3:51  Probe x2  
  52  3:55  Assimilator  
  52  3:58  Assimilator  
  52  4:03  Probe x2  
  54  4:13  Adept x2  
  54  4:15  Probe  
  54  4:16  Pylon, Probe  
  60  4:19  Twilight Council  
  60  4:23  Forge  
  60  4:28  Probe x2  
  62  4:37  Robotics Facility  
  62  4:40  Probe x2  
  62  4:44  Sentry  
  62  4:45  Sentry  
  68  4:52  Probe x2  
  70  4:56  Phoenix  
  70  4:57  Protoss Ground Weapons Level 1 (Chrono Boost)  
  65  5:00  Probe (Chrono Boost)  
  65  5:04  Probe (Chrono Boost)  
  65  5:05  Blink (Chrono Boost)  
  65  5:06  Probe (Chrono Boost)  
  64  5:12  Probe (Chrono Boost)  
  64  5:13  Zealot  
  65  5:16  Probe (Chrono Boost)  
  65  5:17  Pylon, Probe (Chrono Boost)  
  65  5:20  Probe (Chrono Boost)  
  68  5:21  Gateway, Probe (Chrono Boost)  
  68  5:22  Gateway, Probe (Chrono Boost)  
  68  5:23  Sentry  
  68  5:26  Probe  
  73  5:30  Probe  
  73  5:32  Probe  
  73  5:34  Warp Prism  
  77  5:38  Assimilator, Probe  
  77  5:39  Sentry  
  77  5:42  Assimilator, Probe  
  80  5:45  Gateway  
  80  5:46  Gateway, Probe  
  81  5:51  Probe  
  81  5:53  Gateway  
  81  5:54  Gateway  
  82  5:57  Pylon  
  82  6:02  Robotics Bay  
  82  6:08  Sentry, Stalker  
  86  6:11  Pylon  
  86  6:14  Photon Cannon  
  86  6:15  Pylon  
  86  6:17  Observer  
  87  6:22  Robotics Facility  
  87  6:25  Stalker x2  
  91  6:32  Stalker x2  
  95  6:34  Pylon  
  95  6:35  Pylon  
  95  6:42  Stalker x2  
  95  6:46  Disruptor (Chrono Boost)  
  99  6:52  Pylon  
  99  6:54  Pylon  
  102  6:56  Stalker x3  
  108  7:03  Protoss Ground Weapons Level 2 (Chrono Boost)  
  108  7:07  Shield Battery  
  108  7:08  Disruptor (Chrono Boost)  
  108  7:11  Shield Battery  
  108  7:13  Disruptor (Chrono Boost)  
  114  7:24  Charge  
  114  7:25  Zealot x3  
  114  7:29  Nexus  
  113  7:37  Stalker x3  
  113  7:40  Disruptor (Chrono Boost)  
  122  7:48  Zealot x3  
  122  7:49  Zealot x2  
  132  7:52  Pylon  
  132  7:53  Disruptor (Chrono Boost)  
  135  8:00  Pylon  
  135  8:04  Nexus  
  135  8:05  Zealot x3  
  135  8:07  Disruptor (Chrono Boost)  
  135  8:09  Pylon  
  144  8:21  Zealot  
  146  8:28  Disruptor (Chrono Boost)  
  146  8:30  Pylon  
  146  8:31  Stalker x2  
  146  8:32  Pylon  
  153  8:35  Disruptor (Chrono Boost)  
  156  8:43  Sentry, Zealot  
  156  8:44  Zealot x4  
  162  9:00  Disruptor (Chrono Boost)  
  162  9:01  Pylon  
  156  9:08  Pylon, Disruptor (Chrono Boost)  
  156  9:09  Nexus  
  162  9:10  Photon Cannon  
  162  9:27  Zealot x8  
  178  9:35  Disruptor  
  178  9:36  Disruptor  
  178  9:50  Zealot x6  
  176  9:55  Stalker x6  
  188  10:00  Zealot  
  188  10:03  Shield Battery  
  170  10:11  Stalker  
  170  10:27  Stalker x6  
  170  10:28  Stalker  
  169  10:38  Stalker  
  149  10:53  Disruptor (Chrono Boost)  
  149  10:54  Disruptor (Chrono Boost)  
  146  10:57  Stalker x7  
  146  11:01  Probe x3  
  146  11:03  Probe  
  158  11:23  Disruptor x2 (Chrono Boost)  
  156  11:30  Stalker x5  
  172  11:36  Stalker x2  
  172  11:37  Stalker  
  156  12:03  Zealot x6  
  156  12:04  Zealot x2  
Tags
 
Add a new tag
Caveats
  • Supply blocks, unpowered buildings, or Contaminate may cause inaccurate times.
  • Supply counts are checked every 10 seconds.